 Dungeon Crawl Stone Soup version 0.32-a0-607-g64ea0e4219 (webtiles) character file.

Game seed: 14213737594597132307

1702 jestert79 the Slasher (level 9, -18/69 HPs)
             Began as a Gnoll Reaver on Mar 3, 2024.
             Demolished by a komodo dragon (29 damage)
             ... on level 7 of the Dungeon.
             The game lasted 00:21:23 (6322 turns).

jestert79 the Slasher (Gnoll Reaver)                Turns: 6322, Time: 00:21:23

Health: -18/69     AC:  6    Str: 11    XL:     9   Next: 3%
Magic:  14/18      EV: 13    Int: 17    God:
Gold:   331        SH:  0    Dex: 11    Spells: 11/20 levels left

rFire   . . .        a - +2 falchion (freeze)
rCold   . . .        (no shield)
rNeg    . . .        b - +0 leather armour
rPois   .            p - +1 hat
rElec   .            A - +0 cloak
rCorr   .            (no gloves)
SInv    .            o - +0 pair of boots
Will    .....        k - amulet of regeneration
Stlth   ++           (no ring)
HPRegen 1.11/turn    (no ring)
MPRegen 0.16/turn

%: no passive effects
@: immotile
A: fangs 1, strong nose, distributed training
a: no special abilities


You were on level 7 of the Dungeon.
You visited 1 branch of the dungeon, and saw 7 of its levels.

You collected 331 gold pieces.

Inventory:

Hand Weapons
 a - a +2 falchion of freezing (weapon)
 r - a +0 hand cannon of electrocution
 z - a +4 quarterstaff of chaos
Missiles
 t - 4 poisoned darts (quivered)
Armour
 b - a +0 leather armour (worn)
 o - a +0 pair of boots (worn)
 p - a +1 hat (worn)
 A - a +0 cloak (worn)
Jewellery
 k - an amulet of regeneration (around neck)
 q - a ring of protection from fire
Scrolls
 d - a scroll of amnesia
 e - 2 scrolls of blinking
 s - 3 scrolls of teleportation
Potions
 c - a potion of might
 f - 4 potions of curing
 g - 2 potions of resistance
 h - 2 potions of mutation
 i - a potion of attraction {unknown}
 l - 3 potions of heal wounds
 m - a potion of enlightenment
 B - a potion of lignification {unknown}


   Skills:
 + Level 6.1 Fighting
 + Level 3.9 Short Blades
 + Level 7.7 Long Blades
 + Level 3.9 Axes
 + Level 3.9 Maces & Flails
 + Level 3.9 Polearms
 + Level 3.9 Staves
 + Level 3.9 Ranged Weapons
 + Level 3.9 Throwing
 + Level 3.9 Armour
 + Level 6.1 Dodging
 + Level 3.9 Stealth
 + Level 3.9 Shields
 + Level 3.9 Unarmed Combat
 + Level 6.4 Spellcasting
 + Level 6.4 Conjurations
 + Level 3.2 Hexes
 + Level 3.2 Summonings
 + Level 3.2 Necromancy
 + Level 3.2 Translocations
 + Level 3.2 Fire Magic
 + Level 3.2 Ice Magic
 + Level 3.2 Air Magic
 + Level 3.2 Earth Magic
 + Level 3.2 Alchemy
 + Level 4.3 Invocations
 + Level 3.9 Evocations
 + Level 3.5 Shapeshifting


You had 11 spell levels left.
You knew the following spells:

 Your Spells              Type           Power      Damage    Failure   Level
a - Kiss of Death         Conj/Necr      84%        2d11      2%          1
b - Momentum Strike       Conj/Tloc      42%        3d9       3%          2
c - Hailstorm             Conj/Ice       21%        3d7       6%          3
d - Summon Ice Beast      Ice/Summ       16%        N/A       12%         3

Your spell library contained the following spells:

 Spells                   Type           Power      Damage    Failure   Level
 Blink                    Tloc           32%        N/A       6%          2
 Lesser Beckoning         Tloc           32%        N/A       6%          2
 Vhi's Electric Charge    Tloc/Air       32%        N/A       38%         4
 Arcjolt                  Conj/Air       10%        1d20      52%         5
 Summon Mana Viper        Hex/Summ       16%        N/A       75%         5
 Plasma Beam              Fire/Air       8%         2x1d18    99%         6
 Monstrous Menagerie      Summ           8%         N/A       100%        7


Dungeon Overview and Level Annotations

Branches:
Dungeon (7/15)             Temple (0/1) D:7

Altars:
Hepliaklqana
Okawaru
Ru
Zin

Shops:
D:1 *


Innate Abilities, Weirdness & Mutations

You have very sharp teeth.
Your uncanny sense of smell can sniff out nearby items.
Your experience applies equally to all skills.


Message History

Throw: 5 darts (poison)
Press: ? - help, Q - select action, (/) - cycle Shift-Dir - straight line, f/p - komodo dragon
Aim: a komodo dragon (lightly wounded, very poisoned, ally target, 65% to hit)
You throw a poisoned dart.
The poisoned dart barely misses the komodo dragon.
Your ice beast barely misses the komodo dragon.
Casting: Summon Ice Beast (dangerous; 12% risk of failure)
Confirm with . or Enter, or press ? or * to list all spells.
Aiming: Momentum Strike (safe; 3% risk of failure)
Press: ? - help, Dir - move target, f/p - komodo dragon
Aim: a komodo dragon (lightly wounded, very poisoned, ally target, 79% to hit)
The concentrated momentum hits the komodo dragon!
The komodo dragon is moderately wounded.
You are unable to move.
Your ice beast barely misses the komodo dragon.
Unknown command.
You barely miss the komodo dragon.
The komodo dragon is moderately wounded.
The komodo dragon bites you!!
Your ice beast hits the komodo dragon but does no damage.
Unknown command.
You hit the komodo dragon but do no damage.
The komodo dragon is moderately wounded.
The komodo dragon bites you!
Your ice beast hits the komodo dragon but does no damage.
Unknown command.
You hit the komodo dragon but do no damage.
You bite the komodo dragon, but do no damage.
The komodo dragon is moderately wounded.
The komodo dragon bites you!!
* * * LOW HITPOINT WARNING * * *
Unknown command.
Unknown command.
Unknown command.
You aren't carrying any items that you can evoke.
You hit the komodo dragon but do no damage.
The komodo dragon is moderately wounded.
Your ice beast hits the komodo dragon but does no damage.
The komodo dragon bites you!!
You die...

#..# ######.###...####........
##.# #........#.[.####........
#.# #........#.<.####........ #.#
#........#...############ #.#
######'###...###### #.#
#............###### ##'####
#...........####### ......#
#...........####### .)....#
#.......@...#######
......###.......l...#######
.......##......Y....############
.......##...........##.........#
.......##........(..##.........#
######[.#.......(((.##.........##
##.######.####.##.........#.
#.............##.........#. ***
########.###.............'.


You could see a komodo dragon (poisoned, ally target) and a friendly ice beast
(summoned).

Vanquished Creatures
  Duvessa (D:6)
  An ice beast (D:6)
  4 ogres
  3 phantoms
  2 scorpions (D:5)
  Dowan (D:6)
  A howler monkey (D:6)
  3 hounds
  2 bombardier beetles
  2 jellies
  A sleepcap (D:5)
  An orc priest (D:5)
  Crazy Yiuf (D:5)
  6 iguanas
  3 orc wizards
  3 gnolls (D:3)
  10 adders
  4 ufetubi (D:6)
  2 ribbon worms
  3 dart slugs
  4 orcs
  7 bats
  9 endoplasms
  3 giant cockroaches
  5 goblins
  4 hobgoblins
  2 quokkas
  3 ball pythons
  3 kobolds
  10 rats
104 creatures vanquished.

Notes
Turn   | Place    | Note
-------+----------+-------------------------------------------
     0 | D:1      | jestert79 the Gnoll Reaver began the quest for the Orb.
     0 | D:1      | Reached XP level 1. HP: 20/20 MP: 6/6
   189 | D:1      | Reached XP level 2. HP: 26/26 MP: 7/7
   296 | D:1      | Learned a level 2 spell: Momentum Strike
   487 | D:1      | Found Obystuddi's Assorted Antiques.
   763 | D:2      | Reached skill level 5 in Spellcasting
   763 | D:2      | Reached XP level 3. HP: 13/31 MP: 7/9
   948 | D:2      | Reached skill level 1 in Invocations
  1429 | D:2      | Reached skill level 1 in Short Blades
  1429 | D:2      | Reached skill level 1 in Axes
  1429 | D:2      | Reached skill level 1 in Maces & Flails
  1429 | D:2      | Reached skill level 1 in Polearms
  1429 | D:2      | Reached skill level 1 in Staves
  1429 | D:2      | Reached skill level 1 in Ranged Weapons
  1429 | D:2      | Reached skill level 1 in Throwing
  1429 | D:2      | Reached skill level 1 in Armour
  1429 | D:2      | Reached skill level 1 in Stealth
  1429 | D:2      | Reached skill level 1 in Shields
  1429 | D:2      | Reached skill level 1 in Unarmed Combat
  1429 | D:2      | Reached skill level 1 in Evocations
  1783 | D:3      | Reached skill level 1 in Shapeshifting
  1783 | D:3      | Reached XP level 4. HP: 38/38 MP: 11/11
  1847 | D:3      | Noticed a phantom
  1997 | D:3      | Reached skill level 1 in Hexes
  1997 | D:3      | Reached skill level 1 in Summonings
  1997 | D:3      | Reached skill level 1 in Necromancy
  1997 | D:3      | Reached skill level 1 in Translocations
  1997 | D:3      | Reached skill level 1 in Fire Magic
  1997 | D:3      | Reached skill level 1 in Ice Magic
  1997 | D:3      | Reached skill level 1 in Air Magic
  1997 | D:3      | Reached skill level 1 in Earth Magic
  1997 | D:3      | Reached skill level 1 in Alchemy
  2320 | D:3      | Killed a phantom
  2321 | D:3      | Reached XP level 5. HP: 43/43 MP: 7/12
  2348 | D:3      | Learned a level 3 spell: Hailstorm
  2946 | D:3      | Noticed an ogre
  2963 | D:3      | Killed an ogre
  2964 | D:3      | Reached skill level 5 in Fighting
  2964 | D:3      | Reached skill level 5 in Dodging
  2964 | D:3      | Reached XP level 6. HP: 39/51 MP: 8/14
  3707 | D:4      | Found a glowing silver altar of Zin.
  3763 | D:4      | Found a sacrificial altar of Ru.
  3903 | D:5      | Entered Level 5 of the Dungeon
  3905 | D:5      | Reached skill level 7 in Long Blades
  3905 | D:5      | Reached XP level 7. HP: 56/56 MP: 12/15
  4489 | D:5      | Reached XP level 8. HP: 62/63 MP: 13/16
  4995 | D:6      | Found an iron altar of Okawaru.
  5411 | D:5      | Found a runed translucent door.
  5412 | D:5      | Noticed Crazy Yiuf
  5452 | D:5      | Killed Crazy Yiuf
  5524 | D:6      | Noticed Duvessa
  5524 | D:6      | Noticed Dowan
  5541 | D:6      | Killed Duvessa
  5559 | D:6      | Killed Dowan
  5782 | D:6      | Reached XP level 9. HP: 68/69 MP: 18/18
  5787 | D:6      | Learned a level 3 spell: Summon Ice Beast
  5857 | D:7      | Found a hazy altar of Hepliaklqana.
  5858 | D:7      | Noticed a komodo dragon
  6322 | D:7      | Demolished by a komodo dragon

Illustrated notes

Levels and vault maps discovered:
D:1:      ldierk_walled_garden, layout_basic, serial_shops, shop,
          minmay_close_crescents
D:2:      layout_basic, chequers_serial_rivers_micro_e
D:3:      layout_basic, serial_forest, infiniplex_forest_lined_2,
          infiniplex_forest_straight_2, infiniplex_forest_clump_small,
          infiniplex_forest_zigzag_1, minmay_hedge_maze,
          wad_floor_pattern_untrapped, serial_bayou_lagoon_a, minmay_checkerbox
D:4:      layout_basic, nicolae_overflow_hidden_temple,
          nicolae_overflow_crystal_walls
D:5:      layout_basic, dk_noncrumbling_3, uniq_crazy_yiuf_cottage
D:6:      layout_rooms, mainiacjoe_overflow_concentric_impassable, uniq_duvessa
D:7:      layout_basic, nicolae_elyvilon_temple_path,
          mainiacjoe_overflow_alcove_1, minmay_temple_entry_fiery

Skill      XL: |  1  2  3  4  5  6  7  8 |
---------------+-------------------------+-----
Spellcasting   | 5 6 |  6.4
Invocations    | 1 2 3 4 |  4.3
Short Blades   | 1 2 3 |  3.9
Axes           | 1 2 3 |  3.9
Maces & Flails | 1 2 3 |  3.9
Polearms       | 1 2 3 |  3.9
Staves         | 1 2 3 |  3.9
Ranged Weapons | 1 2 3 |  3.9
Throwing       | 1 2 3 |  3.9
Armour         | 1 2 3 |  3.9
Stealth        | 1 2 3 |  3.9
Shields        | 1 2 3 |  3.9
Unarmed Combat | 1 2 3 |  3.9
Evocations     | 1 2 3 |  3.9
Shapeshifting  | 1 2 3 |  3.5
Hexes          | 1 2 3 |  3.2
Summonings     | 1 2 3 |  3.2
Necromancy     | 1 2 3 |  3.2
Translocations | 1 2 3 |  3.2
Fire Magic     | 1 2 3 |  3.2
Ice Magic      | 1 2 3 |  3.2
Air Magic      | 1 2 3 |  3.2
Earth Magic    | 1 2 3 |  3.2
Alchemy        | 1 2 3 |  3.2
Fighting       | 5 6 |  6.1
Dodging        | 5 6 |  6.1
Long Blades    | 7 |  7.7
Conjurations   | 6 |  6.4

Action                     |  1- 3 |  4- 6 |  7- 9 || total
---------------------------+-------+-------+-------++-------
  Melee: Falchion          |   133 |   188 |   186 ||   507
         Bite              |    11 |    31 |    20 ||    62
  Throw: Dart              |       |       |    13 ||    13
   Cast: Momentum Strike   |       |    17 |    31 ||    48
         Hailstorm         |       |       |    11 ||    11
         Summon Ice Beast  |       |       |     1 ||     1
    Use: Scroll            |       |     5 |    14 ||    19
   Stab: Sleeping          |     1 |       |     1 ||     2
 Armour: Leather armour    |    85 |    37 |   143 ||   265
  Dodge: Dodged            |    69 |    44 |   175 ||   288

Table legend: (Time is in decaauts)
 A = Elapsed time spent in this place.
 B = Non-inter-level travel time spent in this place.
 C = Inter-level travel time spent in this place.
 D = Time resting spent in this place.
 E = Time spent auto-exploring this place.
 F = Levels seen in this place.
 G = Mean time per level.
                   A        B        C        D        E       F      G
               +--------+--------+--------+--------+--------+-----+--------+
         Total |   6312 |   5840 |    472 |    680 |   3631 |   7 |  901.7 |
       Dungeon |   6312 |   5840 |    472 |    680 |   3631 |   7 |  901.7 |
               +--------+--------+--------+--------+--------+-----+--------+

Top non-repeatable levels by time:
     D:3: 1293 daAuts
     D:2: 1223 daAuts
     D:5: 1092 daAuts
     D:6: 874 daAuts
     D:4: 822 daAuts
     D:1: 644 daAuts
     D:7: 362 daAuts
